 Dungeon Sprint DCSS version 0.29.1-14-g9c671dbff4 (webtiles) character file.

Game seed: 15375466561457842250

16 Groucho the Ducker (level 2, -4/15 HPs)
             Began as a Felid Fighter on Feb 12, 2023.
             Was a Priest of Uskayaw.
             Killed from afar by a white imp (9 damage)
             ... with a puff of frost
             ... in the Dungeon (Sprint VII: "The Pits").
             The game lasted 00:01:02 (112 turns).

Groucho the Ducker (Felid Fighter)                   Turns: 112, Time: 00:01:03

Health: -4/15      AC:  1    Str: 12    XL:     2   Next: 41%
Magic:  3/4        EV: 19    Int:  9    God:    Uskayaw [***...]
Gold:   0          SH:  0    Dex: 15    Spells: 1/1 levels left
                                        Lives:  0   Deaths: 0

rFire   . . .      SeeInvis +     - Unarmed
rCold   . . .      Faith    .   (shield unavailable)
rNeg    . . .      Spirit   .   (body armour unavailable)
rPois   .          Reflect  .   (helmet unavailable)
rElec   .          Harm     .   (cloak unavailable)
rCorr   .          Rampage  .   (gloves unavailable)
Will    .....      NoTele   +   (boots unavailable)
Stlth   ++........              (no amulet)
HPRegen 0.05/turn               (no ring)
MPRegen 0.09/turn               (no ring)

@: quick
A: very small, claws 1, fangs 3, see invisible, speed 1, shaggy fur 1, stealthy
paws, no weapons or thrown items, no armour, multi-lived
a: Renounce Religion, Stomp, Line Pass


You were in the Dungeon.
You worshipped Uskayaw.
Uskayaw was noncommittal.
You visited 1 branch

Inventory:

Scrolls
 g - a scroll of blinking
 i - 5 scrolls of amnesia
 j - a scroll of summoning
Potions
 a - a potion of might
 b - a potion of curing
 c - a potion of heal wounds
 d - a potion of haste
 e - 4 potions of magic
 f - 3 potions of berserk rage
 h - 2 potions of invisibility


   Skills:
 * Level 3.7 Fighting
 * Level 5.0 Dodging
 * Level 2.6 Stealth
 * Level 4.7 Unarmed Combat
 * Level 1.7 Invocations


You had one spell level left.
You didn't know any spells.
Your spell library was empty.

Dungeon Overview and Level Annotations

Branches:
Dungeon (1/1)

Altars:
Ashenzari
Cheibriados
Dithmenos
Elyvilon
Fedhas
Gozag
Hepliaklqana
Kikubaaqudgha
Makhleb
Nemelex Xobeh
Okawaru
Qazlal
Ru
Sif Muna
Trog
Uskayaw
Vehumet
Wu Jian
Xom
Yredelemnul
Zin
The Shining One
Jiyva
Lugonu


Innate Abilities, Weirdness & Mutations

You have sharp claws.
You have razor-sharp teeth.
You have supernaturally acute eyesight. (SInv)
You cover ground quickly. (Speed+)
You are covered in fur. (AC +1)
Your paws help you pounce on unaware monsters.
You are incapable of wielding weapons or throwing items.
You cannot wear armour.
You gain extra lives every three experience levels.


Message History

There is an open door, spattered with blood here.
Things that are here:
a river rat corpse; a frilled lizard corpse The hobgoblin shouts!
The hobgoblin completely misses you.
You scratch the hobgoblin. Your bite misses the hobgoblin.
The hobgoblin is severely wounded.
The hobgoblin closely misses you.
Uskayaw will force your foes to share their pain.
Uskayaw links your audience in an emotional bond!
You closely miss the hobgoblin.
The hobgoblin is severely wounded.
The hobgoblin barely misses you.
You completely miss the hobgoblin.
The hobgoblin is severely wounded.
The white imp gestures at you. The puff of frost misses you.
The puff of frost hits the hobgoblin!
The hobgoblin dies!
Your Dodging skill increases to level 5!
The white imp gestures at you. The puff of frost hits you!
Ouch! That really hurt!
Unknown command.
The white imp is no longer sharing its pain.
The white imp completely misses you.
You scratch the white imp but do no damage.
The white imp is lightly wounded.
The white imp closely misses you.
You barely miss the white imp.
The white imp is lightly wounded.
The white imp barely misses you.
You scratch the white imp.
The white imp is heavily wounded.
The white imp barely misses you.
You scratch the white imp but do no damage.
The white imp is heavily wounded.
The white imp gestures at you. The puff of frost hits you!
Ouch! That really hurt!
You die...

#.........†)'.........
+#####'#####......#..
#...).# #.........
#.....# ####'#####
###'### #.......#
#†..†.# #.......#
#.....# #.......#
####†##+###...<...#
#..@5....##.......#
#........##.......#
###########.......#
#########


You could see a white imp.

Vanquished Creatures
  A river rat (D)
  A goblin (D)
  A hobgoblin (D)
  A kobold (D)
  A ball python (D)
  A bat (D)
  A frilled lizard (D)
7 creatures vanquished.

Vanquished Creatures (others)
  A hobgoblin (D)
1 creature vanquished.

Grand Total: 8 creatures vanquished

Notes
Turn   | Place    | Note
-------+----------+-------------------------------------------
     0 | D        | Groucho the Felid Fighter began the quest for the Orb.
     0 | D        | Reached XP level 1. HP: 10/10 MP: 2/2
    37 | D        | Found a bloodstained altar of Trog.
    37 | D        | Found a shimmering blue altar of Sif Muna.
    37 | D        | Found a viscous altar of Jiyva.
    37 | D        | Found a hazy altar of Hepliaklqana.
    37 | D        | Found an opulent altar of Gozag.
    38 | D        | Found a glowing golden altar of the Shining One.
    38 | D        | Found a glowing silver altar of Zin.
    38 | D        | Found a basalt altar of Yredelemnul.
    38 | D        | Found a shimmering altar of Xom.
    38 | D        | Found an ornate altar of the Wu Jian Council.
    38 | D        | Found a sacrificial altar of Ru.
    38 | D        | Found a stormy altar of Qazlal.
    38 | D        | Found an iron altar of Okawaru.
    38 | D        | Found a sparkling altar of Nemelex Xobeh.
    38 | D        | Found a burning altar of Makhleb.
    38 | D        | Found a blossoming altar of Fedhas.
    38 | D        | Found a white marble altar of Elyvilon.
    38 | D        | Found a shadowy altar of Dithmenos.
    38 | D        | Found a snail-covered altar of Cheibriados.
    40 | D        | Found a radiant altar of Vehumet.
    40 | D        | Found a corrupted altar of Lugonu.
    41 | D        | Found a hide-covered altar of Uskayaw.
    41 | D        | Found an ancient bone altar of Kikubaaqudgha.
    41 | D        | Found a broken altar of Ashenzari.
    49 | D        | Became a worshipper of Uskayaw the Reveller
    77 | D        | Reached * piety under Uskayaw
    79 | D        | Reached ** piety under Uskayaw
    80 | D        | Reached skill level 1 in Stealth
    85 | D        | Reached skill level 1 in Invocations
    92 | D        | Reached *** piety under Uskayaw
   100 | D        | Reached XP level 2. HP: 14/15 MP: 2/4
   103 | D        | Reached **** piety under Uskayaw
   106 | D        | Reached skill level 5 in Dodging
   112 | D        | Killed from afar by a white imp

Illustrated notes

Levels and vault maps discovered:
D:        pitsprint [storerooms_1, entrance_room_1, metal_vault_7, armoury_2,
          mini_pit_1, grid_room_1, main_hall_1, silver_pit, the_coven_1,
          the_vestibule_1, steel_vault_1, golden_pit, hallway_of_sentries,
          crystal_vault_2, iron_vault_2, final_vault]

Skill      XL: |  1  2 |
---------------+-------+-----
Stealth        | 2 |  2.6
Invocations    | 1 |  1.7
Dodging        | 5 |  5.0
Fighting       | |  3.7
Unarmed Combat | |  4.7

Action                   || total
-------------------------++-------
Melee: Unarmed           ||    17
 Stab: Sleeping          ||     3
       Paralysed         ||     1
Dodge: Dodged            ||    10
